Match 46950237
Unlisted

Match 46950237
End
Pioneer Squad
Construct Infanterie Kompanie
Selects Breakthrough Battlegroup
Grenadier Squad
Grenadier Squad
Grenadier Squad
Infanterie Officer Quarters
MG 42 Machine Gun Team
Construct Panzergrenadier Kompanie
Pak 40 Anti-tank Gun Team
Selects Rapid Production
Selects Rapid Production
Support Elements
Nebelwerfer 42 Rocket Launcher Team
Nebelwerfer 42 Rocket Launcher Team
Panzergrenadier Officer Quarters
Medical Station
MG 42 Bunker
Angrybirds
Xufe
Master_Baiter
chonk
0
0

Comments sign in to comment!

No comments posted yet!